 Dungeon Crawl Stone Soup version 0.31.0-32-g396128a36d (webtiles) character file.

Game seed: 16634846770389789596

3143 moechan the Slicer (level 9, 0/50 (53) HPs)
             Began as a Tengu Hunter on Mar 28, 2024.
             Was a High Priest of Okawaru.
             Slain by a wight
             ... wielding a +5 mace
              (7 damage)
             ... on level 8 of the Dungeon.
             The game lasted 00:49:55 (6001 turns).

moechan the Slicer (Tengu Hunter)                   Turns: 6001, Time: 00:49:56

HP:   0/50 (53)     AC:  4    Str: 13    XL:     9   Next: 93%
MP:   10/10         EV: 19    Int: 11    God:    Okawaru [*****.]
Gold: 317           SH:  0    Dex: 21    Spells: 8/8 levels left

rFire   + . .        l - +12 short sword "Dasar" {elec, Int+2}
rCold   + . .        (no shield)
rNeg    . . .        c - +0 leather armour
rPois   .            (helmet restricted)
rElec   .            (no cloak)
rCorr   .            u - +0 pair of gloves
SInv    .            (boots unavailable)
Will    .....        (no amulet)
Stlth   +++          F - ring of protection from fire
HPRegen 0.28/turn    K - ring of protection from cold
MPRegen 0.12/turn

%: acrobat
@: flying, drained
A: beak, talons 3, evasive flight, acrobatic
a: Renounce Religion, Heroism, Finesse, Duel


You were on level 8 of the Dungeon.
You worshipped Okawaru.
Okawaru was extremely pleased with you.
You visited 1 branch of the dungeon, and saw 8 of its levels.

You collected 413 gold pieces.
You spent 96 gold pieces at shops.

Inventory:

Hand Weapons
 a - a +0 shortbow
 l - the +12 short sword "Dasar" (weapon) {elec, Int+2}
   (You found it on level 2 of the Dungeon)

   Int+2:     It affects your intelligence (+2).
 r - a +1 dagger of freezing
 w - a +1 whip of flaming
 I - the +5 battleaxe "Vingeh" {elec, ^Drain +Blink rElec Int+3}
   (You found it on level 7 of the Dungeon)

   Int+3:     It affects your intelligence (+3).
   rElec:     It insulates you from electricity.
   +Blink:    It lets you blink.
   ^Drain:    It drains your maximum health when unequipped.
 L - a +0 war axe of draining
Missiles
 g - 18 poisoned darts
 p - 2 boomerangs (quivered)
 y - 2 atropa-tipped darts
Armour
 c - a +0 leather armour (worn)
 h - a +0 helmet
 u - a +0 pair of gloves (worn)
 M - +0 acid dragon scales
Jewellery
 F - a ring of protection from fire (left hand)
 K - a ring of protection from cold (right hand)
Talismans
 m - a serpent talisman
Wands
 v - a wand of flame (42)
 B - a wand of mindburst (15)
Scrolls
 b - 3 scrolls of butterflies
 d - 2 scrolls of revelation {unknown}
 f - 3 scrolls of silence {unknown}
 j - 2 scrolls of teleportation {unknown}
 k - 3 scrolls of fog {unknown}
 n - a scroll of poison {unknown}
 s - a scroll of vulnerability {unknown}
 A - a scroll of enchant armour {unknown}
 D - a scroll of immolation {unknown}
 E - 2 scrolls of identify {unknown}
Potions
 e - a potion of resistance {unknown}
 i - a potion of cancellation {unknown}
 o - a potion of berserk rage {unknown}
 q - a potion of haste {unknown}
 t - a potion of lignification {unknown}
 x - a potion of magic {unknown}
 z - a potion of ambrosia {unknown}
 C - a potion of might {unknown}
 G - 2 potions of mutation {unknown}
 H - a potion of attraction {unknown}
 J - a potion of curing {unknown}


   Skills:
 + Level 4.8 Fighting
 * Level 11.1 Short Blades
 - Level 5.2 Ranged Weapons
 + Level 5.2 Dodging
 + Level 6.2 Stealth


You had 8 spell levels left.
You didn't know any spells.
Your spell library contained the following spells:

 Spells                   Type           Power      Damage    Failure   Level
 Apportation              Tloc           0%         N/A       41%         1
 Magic Dart               Conj           0%         1d3       41%         1
 Necrotise                Necr           0%         1d4       41%         1
 Sting                    Conj/Alch      0%         1d3       41%         1
 Mercury Vapours          Alch/Air       0%         N/A       56%         2
 Searing Ray              Conj           0%         2d4       56%         2
 Mephitic Cloud           Conj/Alch/Air  0%         N/A       80%         3
 Fulminant Prism          Conj/Alch      0%         3d5       99%         4
 Freezing Cloud           Conj/Ice/Air   0%         6-21      100%        5
 Summon Small Mammal      Summ           Unusable   N/A       N/A         1

Dungeon Overview and Level Annotations

Branches:
Dungeon (8/15)             Temple (0/1) D:7
   Lair: D:8-11

Altars:
Cheibriados
Fedhas
Gozag
Hepliaklqana
Okawaru
Qazlal
Sif Muna
Trog
Uskayaw
Wu Jian
The Shining One

Shops:
D:4 [   D:6 ?[:


Innate Abilities, Weirdness & Mutations

You have a beak for a mouth.
You have claws for feet.
Your magical flight helps you evade attacks. (EV +4)
You can magically evade attacks while moving or waiting.


Message History

You destroy the wight!
Okawaru accepts your kill. Okawaru grants you throwing weapons!
Something appears before you!
Your life force feels restored.
Items here: ( ))))) [[[[ †.
Okay, then.
You see here 2 javelins.
A wight comes into view. It is wielding a +5 great sword.
Items here: ( ))))) [[[[ †.
Things that are here:
a +0 long sword; a +0 robe A wight comes into view.
It is wielding a +5 mace.
A wight comes into view. It is wielding a +0 falchion.
Items here: ( ))))) [[[[ †.
You see here 2 javelins.
You closely miss the wight. You claw the wight, but do no damage.
Your peck misses the wight. You closely miss the wight.
Your peck misses the wight. The wight hits you with a +0 falchion!
The wight completely misses you.
You puncture the wight! Your peck misses the wight.
The wight is heavily damaged.
You hit the wight. Lightning courses through the wight!
You destroy the wight!
Okawaru accepts your kill.
A wight comes into view. It is wielding a +2 dire flail.
You barely miss the wight. Your kick misses the wight.
The wight hits you with a +5 great sword!
* * * LOW HITPOINT WARNING * * *
You feel drained.
* * * LOW HITPOINT WARNING * * *
You barely miss the wight. You claw the wight, but do no damage.
You peck the wight, but do no damage. You hit the wight. You claw the wight.
The wight is severely damaged.
You barely miss the wight. You peck the wight, but do no damage.
The wight is severely damaged.
The wight hits you with a +5 mace!
You die...

.. # .###. ....
#..# ..# #.###
#...####..
##.........
#@z####....
##z## . . ##.)#
..$ ##..######.
.....#.....z.z..
#.........####.
#.......####
........#
#####....


You could see 2 wights.

Vanquished Creatures
  Pikel (D:4)
  Maggie (D:7)
  Grinder (D:6)
  A wyvern (D:7)
  A steam dragon (D:7)
  2 ice beasts (D:7)
  An orc warrior (D:7)
  A black bear (D:5)
  A centaur (D:8)
  2 kobold brigands
  3 lemures (D:4)
  2 phantoms (D:5)
  A bullfrog (D:7)
  A scorpion (D:6)
  7 wights (D:8)
  A howler monkey (D:7)
  3 bombardier beetles (D:5)
  4 hounds
  A sleepcap (D:7)
  A gnoll bouda (D:7)
  3 iguanas
  Ijyb (D:5)
  2 orc wizards
  A mummy (D:4)
  4 gnolls (D:7)
  5 adders
  A shadow imp (D:7)
  2 ufetubi (D:7)
  A ribbon worm (D:4)
  4 dart slugs
  14 orcs
  5 ball pythons
  7 endoplasms
  5 giant cockroaches
  8 goblins
  6 hobgoblins
  6 jackals
  13 kobolds
  6 quokkas
  2 bats
  2 frilled lizards (D:1)
  2 kobold zombies (D:4)
  2 orc zombies (D:4)
  4 rats
142 creatures vanquished.

Notes
Turn   | Place    | Note
-------+----------+-------------------------------------------
     0 | D:1      | moechan the Tengu Hunter began the quest for the Orb.
     0 | D:1      | Reached XP level 1. HP: 12/12 MP: 2/2
    65 | D:1      | Reached XP level 2. HP: 17/17 MP: 3/3
   146 | D:1      | Reached skill level 5 in Ranged Weapons
   355 | D:1      | Reached XP level 3. HP: 21/21 MP: 4/4
   598 | D:2      | Identified the +12 short sword "Dasar" {elec, Int+2}
   814 | D:2      | Reached skill level 1 in Short Blades
   862 | D:2      | Found an iron altar of Okawaru.
   874 | D:2      | Became a worshipper of Warmaster Okawaru
   956 | D:2      | Reached XP level 4. HP: 19/27 MP: 5/5
  1906 | D:3      | Found a shimmering blue altar of Sif Muna.
  2282 | D:4      | Reached skill level 2 in Short Blades
  2408 | D:4      | Noticed a lemure
  2410 | D:4      | Noticed Pikel
  2414 | D:4      | Noticed a lemure
  2416 | D:4      | Killed a lemure
  2417 | D:4      | Noticed a lemure
  2423 | D:4      | Noticed a lemure
  2426 | D:4      | Killed a lemure
  2429 | D:4      | Killed a lemure
  2441 | D:4      | Killed Pikel
  2441 | D:4      | Reached * piety under Okawaru
  2441 | D:4      | Reached ** piety under Okawaru
  2442 | D:4      | Reached skill level 5 in Short Blades
  2442 | D:4      | Reached XP level 5. HP: 20/32 MP: 6/6
  2442 | D:4      | Reached XP level 6. HP: 23/37 MP: 7/7
  2442 | D:4      | Gained mutation: Your magical flight helps you evade
                  | attacks. (EV +4) [Tengu growth]
  2442 | D:4      | Reached XP level 7. HP: 25/41 MP: 8/8
  2549 | D:4      | Found Waupnaagh's Antique Armour Emporium.
  2958 | D:4      | Found an ornate altar of the Wu Jian Council.
  3107 | D:5      | Entered Level 5 of the Dungeon
  3120 | D:5      | Found a glowing golden altar of the Shining One.
  3123 | D:5      | Found an opulent altar of Gozag.
  3140 | D:5      | Reached skill level 6 in Short Blades
  3173 | D:5      | Found a stormy altar of Qazlal.
  3175 | D:5      | Found a bloodstained altar of Trog.
  3322 | D:5      | Found a snail-covered altar of Cheibriados.
  3329 | D:5      | Reached *** piety under Okawaru
  3330 | D:5      | Reached XP level 8. HP: 46/48 MP: 9/9
  3334 | D:5      | Reached skill level 7 in Short Blades
  3382 | D:5      | Found a hazy altar of Hepliaklqana.
  3565 | D:5      | Noticed Ijyb
  3570 | D:5      | Killed Ijyb
  4176 | D:5      | Found an opulent altar of Gozag.
  4178 | D:5      | Found a glowing golden altar of the Shining One.
  4290 | D:6      | Found a hide-covered altar of Uskayaw.
  4291 | D:6      | Noticed a +0 dagger
  4291 | D:6      | Noticed a +0 hand axe
  4417 | D:6      | Reached skill level 8 in Short Blades
  4561 | D:6      | Noticed Grinder
  4569 | D:6      | Killed Grinder
  4687 | D:6      | Found Omeguppakeu's Magic Scroll Shop.
  4689 | D:6      | Found Zaoteilu's Antique Armour Shoppe.
  4689 | D:6      | Found Yjaklif's Book Emporium.
  4704 | D:6      | Bought 2 scrolls of butterflies for 96 gold pieces
  4982 | D:6      | Found a blossoming altar of Fedhas.
  5173 | D:7      | Reached **** piety under Okawaru
  5174 | D:7      | Reached skill level 9 in Short Blades
  5174 | D:7      | Reached skill level 5 in Stealth
  5175 | D:7      | Reached XP level 9. HP: 52/52 MP: 10/10
  5247 | D:7      | Identified the +5 battleaxe "Vingeh" {elec, ^Drain +Blink
                  | rElec Int+3}
  5464 | D:7      | Found a staircase to the Ecumenical Temple.
  5584 | D:7      | Reached skill level 10 in Short Blades
  5674 | D:7      | Noticed Maggie
  5701 | D:7      | Killed Maggie
  5716 | D:7      | Reached ***** piety under Okawaru
  5971 | D:8      | Reached skill level 5 in Dodging
  5975 | D:8      | Reached skill level 11 in Short Blades
  5983 | D:8      | Received a gift from Okawaru
  6001 | D:8      | Slain by a wight

Illustrated notes

Levels and vault maps discovered:
D:1:      enne_arrival_octagon_isle, layout_rooms
D:2:      layout_loops_corners, basic_altar, kennysheep_big_empty_room,
          corexii_hall_statues_i
D:3:      layout_basic, nicolae_sif_muna_condensation, minivault_11,
          hangedman_decor_clover_reticule, chequers_jeans
D:4:      layout_rooms, nzn_wu_jian_council_hall, serial_shops,
          nicolae_diamond_shop, minmay_mini_ossuary, uniq_pikel
D:5:      layout_basic, kennysheep_slug_shrine, nicolae_overflow_hidden_temple,
          old_standard_altar, uniq_ijyb
D:6:      layout_basic, fedhas_altar_fruit_tree, dancing_weapons_uskayaw,
          minmay_misc_feat_alley, nicolae_wooded_promenade,
          roderic_st_hans_cross, uniq_grinder
D:7:      layout_basic, temple_green, uniq_maggie
D:8:      layout_layer_cave, uniq_psyche

Skill      XL: |  1  2  3  4  5  6  7  8  9 |
---------------+----------------------------+-----
Ranged Weapons | 5 |  5.2
Short Blades   | 1 5 6 9 11 | 11.1
Fighting       | 3 4 |  4.8
Dodging        | 3 4 5 |  5.2
Stealth        | 3 5 6 |  6.2

Action                     |  1- 3 |  4- 6 |  7- 9 || total
---------------------------+-------+-------+-------++-------
  Melee: Short sword       |     9 |    44 |   182 ||   235
         Peck              |     2 |     4 |    25 ||    31
         Kick              |     1 |    12 |    39 ||    52
         Punch             |       |     1 |     6 ||     7
   Fire: Shortbow          |    49 |       |       ||    49
   Stab: Sleeping          |       |     4 |     8 ||    12
 Armour: Leather armour    |     3 |    10 |    40 ||    53
  Dodge: Dodged            |     9 |    28 |   152 ||   189
